cohdb
Replays
Latest Replays
All Replays
Popular Replays
Top Player Replays
Match Explorer
How It Works
Community
CoH3 Stats
Reddit
Sign in to upload your games and track your stats! →
Sign in with Steam
Match 42301156
Unlisted
Match 42301156
Overview
Messages
Build Orders
End
Construct Weapon Support Center
Selects Armored Battlegroup
Selects Assault Engineers
Assault Engineer Squad
Assault Engineer Squad
Bazooka Squad
M1919 Machine Gun Team
Mechanized Support Center
Assault Engineer Squad
M1919 Machine Gun Team
M3 Armored Personnel Carrier
Construct Medical Station
Selects Field Repairs
Selects Strength in Steel
M3 Armored Personnel Carrier
Bazooka Squad
Assault Engineer Squad
Bazooka Squad
BigBoss
阿屍zombie
SzDing
Etgo
Jarkke
ViiKumi
0
0
Comments
sign in to comment!
No comments posted yet!